 Dungeon Crawl Stone Soup version 0.17-a0-910-ga669010 (webtiles) character file.

2956 angelmind the Geomancer (level 10, -16/63 HPs)
             Began as a Formicid Earth Elementalist on May 2, 2015.
             Demolished by a slime creature (17 damage)
             ... on level 8 of the Dungeon on May 4, 2015.
             The game lasted 00:57:48 (9475 turns).

angelmind the Geomancer (FoEE)                      Turns: 9475, Time: 00:57:48

Health: -16/63     AC: 11    Str: 20    XL:     10   Next: 8%
Magic:  4/13       EV:  8    Int: 17    God:
Gold:   316        SH:  5    Dex: 11    Spells: 3 memorised, 7 levels left

rFire  . . .     SeeInvis +     F - +2 whip (flame)
rCold  . . .     Clarity  .     u - +1 chain mail {rPois}
rNeg   . . .     SustAb   .     H - +0 buckler
rPois  +         Gourm    .     (helmet unavailable)
rElec  .         Spirit   .     C - +0 cloak
rCorr  .         Warding  .     (no gloves)
rMut   +         Stasis   +     (no boots)
MR     ++...                    t - amulet of resist mutation
Stlth  ..........               E - +6 ring of strength
                                N - ring of protection from magic

@: very resistant to hostile enchantments, extremely unstealthy
A: permanent stasis, dig shafts and tunnels, four strong arms, antennae 3
a: Dig, Shaft Self


You were on level 8 of the Dungeon.
You were not hungry.

You visited 2 branches of the dungeon, and saw 9 of its levels.

You collected 316 gold pieces.

Inventory:

Hand weapons
 j - a +0 dagger of holy wrath
 n - a +0 dagger of speed
 y - a +0 hunting sling
 F - a +2 whip of flaming (weapon)
 I - a +1 whip of draining
Missiles
 a - 80 stones (quivered)
 e - 13 exploding sling bullets
 g - 15 poisoned needles
 i - 7 tomahawks
 x - 3 javelins
 z - 39 sling bullets
 J - 6 curare-tipped needles
Armour
 h - a +0 robe
 u - a +1 chain mail of poison resistance (worn)
 C - a +0 cloak (worn)
 H - a +0 buckler (worn)
Jewellery
 l - an uncursed ring of protection from magic
 p - an uncursed ring of poison resistance
 t - an amulet of resist mutation (around neck)
 B - an uncursed amulet of faith
 E - a +6 ring of strength (right hand)
 K - an uncursed ring of fire
 N - a ring of protection from magic (left hand)
Scrolls
 b - 2 scrolls of amnesia
 o - 5 scrolls of identify
 r - a scroll of magic mapping
 s - a scroll of fog {unknown}
 A - a scroll of enchant armour {unknown}
 L - a scroll of acquirement {unknown}
 M - a scroll of random uselessness {unknown}
Potions
 f - a potion of heal wounds
 k - a potion of lignification
 q - 2 potions of curing
 w - 2 potions of cure mutation
Books
 c - a book of Geomancy

   Spells                             Type                      Level
   a - Sandblast                      Earth                        1
   b - Stoneskin                      Transmutation/Earth          2
   c - Passwall                       Transmutation/Earth          3
   d - Stone Arrow                    Conjuration/Earth            3
   e - Petrify                        Transmutation/Earth          4
   f - Lee's Rapid Deconstruction     Earth                        5
 D - a book of Beasts

   Spells                             Type                      Level
   a - Summon Butterflies             Summoning                    1
   b - Call Canine Familiar           Summoning                    3
   c - Summon Ice Beast               Ice/Summoning                4
   d - Summon Mana Viper              Hexes/Summoning              5
   e - Monstrous Menagerie            Summoning                    6
   f - Summon Hydra                   Summoning                    7
Comestibles
 d - 6 bread rations
 m - 8 slices of pizza
 v - 2 beef jerkies
 G - a meat ration


   Skills:
 + Level 4.6 Armour
 - Level 2.0 Dodging
 - Level 2.4 Stealth
 + Level 4.9 Shields
 - Level 2.3 Spellcasting
 - Level 1.1 Transmutations
 * Level 13.7 Earth Magic


You had 7 spell levels left.
You knew the following spells:

 Your Spells              Type           Power        Failure   Level  Hunger
a - Stone Arrow           Conj/Erth      ####..       38%         3    ###....
b - Stoneskin             Trmt/Erth      ####....     14%         2    ###....
z - Sandblast             Erth           #####.       1%          1    #......


Dungeon Overview and Level Annotations

Branches:
Dungeon (8/15)             Temple (1/1) D:4
   Lair: D:8-11

Altars:
Ashenzari
Cheibriados
Dithmenos
Elyvilon
Fedhas
Gozag
Kikubaaqudgha
Makhleb
Nemelex Xobeh
Okawaru
Qazlal
Ru
Trog
Xom
Yredelemnul
Zin
The Shining One

Shops:
D:7 *

Annotations:
D:2 Sigmund
D:4 drasked's ghost, average DEIE


Innate Abilities, Weirdness & Mutations

You are under a permanent stasis effect.
You can dig through walls and to a lower floor.
Your four strong arms can wield two-handed weapons with a shield.
You have a pair of large antennae on your head (SInv).


Message History

The slime creature is severely wounded.
The slime creature hits you!
* * * LOW HITPOINT WARNING * * *
You whack the slime creature! You burn the slime creature.
The slime creature is severely wounded.
The slime creature barely misses you.
You hit the slime creature. You burn the slime creature.
The slime creature is almost dead.
The slime creature hits you!
* * * LOW HITPOINT WARNING * * *
There is an open door here.
The slime creature completely misses you.
You see here a short sword.
A two-headed ogre comes into view.
It is wielding a giant spiked club and a dire flail.
The slime creature hits you!
* * * LOW HITPOINT WARNING * * *
The slime creature hits you.
* * * LOW HITPOINT WARNING * * *
The slime creature hits you!
You die...

####################
..........J........#
.......O...@.......#
.###############).#
. #.............#
...# #...........).#
#...##..##########'#
#....#..#(.........#
#......#$.........#
###....##..#####..#
..####.%# #..#.


You could see a slime creature and a two-headed ogre.

Vanquished Creatures
  Pikel (D:5)
  Grinder (D:3)
  A human (D:7)
  2 yaks (D:7)
  An orc warrior (D:8)
  2 water moccasins
  A necrophage (D:7)
  2 ice beasts (D:8)
  2 black bears (D:6)
  2 phantoms
  2 sky beasts
  A giant frog (D:8)
  A scorpion (D:7)
  2 crimson imps
  A centaur skeleton (D:7)
  Ijyb (D:3)
  4 worker ants
  4 orc priests
  An orc wizard (D:4)
  2 sheep (D:7)
  A hound skeleton (D:7)
  7 adders
  A shadow imp (D:7)
  3 worms
  3 giant geckos
  12 orcs
  A bat skeleton (D:7)
  7 giant cockroaches
  13 hobgoblins
  9 jackals
  15 kobolds
  4 quokkas
  8 bats
  7 giant newts
  12 goblins
  9 rats
146 creatures vanquished.

Vanquished Creatures (others)
  A bat skeleton (D:4)
1 creature vanquished.

Grand Total: 147 creatures vanquished

Notes
Turn   | Place    | Note
--------------------------------------------------------------
     0 | D:1      | angelmind, the Formicid Earth Elementalist, began the quest for the Orb.
     0 | D:1      | Reached XP level 1. HP: 13/13 MP: 3/3
   434 | D:1      | Reached skill level 4 in Earth Magic
   434 | D:1      | Reached XP level 2. HP: 17/19 MP: 1/5
  1089 | D:1      | Reached XP level 3. HP: 24/24 MP: 3/6
  1094 | D:1      | Learned a level 3 spell: Stone Arrow
  1097 | D:1      | Learned a level 2 spell: Stoneskin
  1160 | D:2      | Found a glowing golden altar of the Shining One.
  1436 | D:2      | Reached skill level 5 in Earth Magic
  1717 | D:2      | Noticed Sigmund
  2685 | D:3      | Reached XP level 4. HP: 22/30 MP: 1/7
  2934 | D:3      | Found a shimmering altar of Xom.
  2974 | D:3      | Found a blossoming altar of Fedhas.
  2974 | D:3      | Found an ancient bone altar of Kikubaaqudgha.
  3046 | D:3      | Noticed a sky beast
  3057 | D:3      | Killed a sky beast
  3057 | D:3      | Reached skill level 6 in Earth Magic
  3057 | D:3      | Reached XP level 5. HP: 28/35 MP: 0/8
  3204 | D:3      | Noticed Ijyb
  3417 | D:4      | Reached skill level 7 in Earth Magic
  3494 | D:4      | Reached XP level 6. HP: 41/41 MP: 7/9
  3495 | D:4      | Noticed drasked's ghost (average DEIE)
  3789 | D:3      | Killed Ijyb
  4116 | D:3      | Noticed Grinder
  4162 | D:3      | Killed Grinder
  4162 | D:3      | Reached skill level 9 in Earth Magic
  4162 | D:3      | Reached XP level 7. HP: 20/46 MP: 1/10
  4567 | D:3      | Found a glowing silver altar of Zin.
  4746 | D:3      | Found a shattered altar of Ashenzari.
  5381 | D:4      | Found a snail-covered altar of Cheibriados.
  5945 | D:4      | Found a staircase to the Ecumenical Temple.
  5962 | Temple   | Entered the Ecumenical Temple
  6218 | D:5      | Entered Level 5 of the Dungeon
  6262 | D:4      | Found a sacrificial altar of Ru.
  6736 | D:5      | Noticed Pikel
  6949 | D:5      | Killed Pikel
  6949 | D:5      | Reached skill level 11 in Earth Magic
  6949 | D:5      | Reached XP level 8. HP: 38/52 MP: 4/11
  7445 | D:6      | Reached skill level 12 in Earth Magic
  7501 | D:6      | Reached skill level 1 in Shields
  7568 | D:6      | Reached skill level 1 in Armour
  7568 | D:6      | Reached XP level 9. HP: 57/57 MP: 8/12
  7937 | D:7      | Found an iron altar of Okawaru.
  8480 | D:7      | Found a burning altar of Makhleb.
  8670 | D:7      | Found a shattered altar of Ashenzari.
  8725 | D:7      | Found Gozag's Platinum Reserve.
  8729 | D:7      | Found an opulent altar of Gozag.
  8841 | D:7      | Reached skill level 13 in Earth Magic
  9160 | D:8      | Found a white marble altar of Elyvilon.
  9424 | D:8      | Reached XP level 10. HP: 49/63 MP: 8/13
  9473 | D:8      | HP: 1/63 [slime creature (8)]
  9475 | D:8      | Demolished by a slime creature

Action                   |  1- 3 |  4- 6 |  7- 9 | 10-12 || total
-------------------------+-------+-------+-------+-------++-------
Melee: Short sword       |    21 |       |       |       ||    21
       Dagger            |     3 |   152 |     2 |       ||   157
       Whip              |       |       |    22 |    13 ||    35
 Fire: Hunting sling     |       |       |     2 |       ||     2
 Cast: Sandblast         |    67 |    75 |   174 |    11 ||   327
       Stone Arrow       |     1 |       |       |       ||     1
       Stoneskin         |       |     2 |       |       ||     2
  Use: Scroll            |     6 |       |     5 |       ||    11
       Potion            |       |     1 |     5 |       ||     6
  Eat: Chunk             |     4 |     2 |    16 |       ||    22
       Beef jerky        |     1 |       |     1 |       ||     2
       Bread ration      |       |     1 |       |       ||     1
       Pizza             |       |       |     1 |       ||     1
